 Dungeon Crawl Stone Soup version 0.29.1-1-gd02db6906a (webtiles) character file.

Game seed: 2948334522311181022

50 GigaChad the Magician (level 3, 0/19 HPs)
             Began as a Deep Elf Conjurer on Sept 21, 2022.
             Slain by a gnoll
             ... wielding a +0 whip
              (5 damage)
             ... on level 2 of the Dungeon.
             The game lasted 00:03:37 (1626 turns).

GigaChad the Magician (Deep Elf Conjurer)           Turns: 1626, Time: 00:03:37

Health: 0/19       AC:  2    Str:  4    XL:     3   Next: 55%
Magic:  5/11       EV: 12    Int: 24    God:
Gold:   114        SH:  5    Dex: 13    Spells: 9/12 levels left

rFire   . . .      SeeInvis .   h - +0 short sword (elec)
rCold   . . .      Faith    .   (no shield)
rNeg    . . .      Spirit   .   a - +0 robe
rPois   .          Reflect  +   (no helmet)
rElec   .          Harm     .   (no cloak)
rCorr   .          Rampage  .   (no gloves)
Will    .....                   (no boots)
Stlth   ++........              g - amulet of reflection
HPRegen 0.06/turn               (no ring)
MPRegen 0.12/turn               (no ring)

@: no status effects
A: no striking features
a: no special abilities


You were on level 2 of the Dungeon.
You visited 1 branch of the dungeon, and saw 2 of its levels.

You collected 114 gold pieces.

Inventory:

Hand Weapons
 h - a +0 short sword of electrocution (weapon)
Armour
 a - a +0 robe (worn)
Jewellery
 d - a ring of resist corrosion
 g - an amulet of reflection (around neck)
Scrolls
 i - a scroll of identify
 k - 2 scrolls of noise
 m - a scroll of torment {unknown}
 n - a scroll of fog {unknown}
 o - 2 scrolls of magic mapping
Potions
 b - a potion of magic
 c - 4 potions of ambrosia {unknown}
 e - a potion of haste {unknown}
 f - a potion of degeneration {unknown}
 j - a potion of curing {unknown}
 l - a potion of lignification {unknown}


   Skills:
 - Level 2.4 Dodging
 - Level 2.4 Stealth
 + Level 5.2 Spellcasting
 - Level 4.6 Conjurations


You had 9 spell levels left.
You knew the following spells:

 Your Spells              Type           Power      Damage    Failure   Level
a - Magic Dart            Conj           100%       1d8       1%          1
b - Searing Ray           Conj           56%        2d6       1%          2

Your spell library contained the following spells:

 Spells                   Type           Power      Damage    Failure   Level
 Dazzling Flash           Conj/Hex       34%        N/A       10%         3
 Fulminant Prism          Conj/Hex       8%         3d7       32%         4
 Iskenderun's Mystic Bla  Conj/Tloc      17%        2d5       32%         4


Dungeon Overview and Level Annotations

Branches:
Dungeon (2/15)

Altars:
Lugonu

Portals:
Abyss: D:1

Annotations:
D:1 2 runed translucent doors


Message History

The magic dart hits the adder.
You kill the adder!
You can't see any susceptible monsters within range! (Use Z to cast anyway.) HP restored.
You see here an adder corpse.
Found a stone staircase leading down.
A kobold comes into view. It is wielding a +0 club.
The magic dart hits the kobold.
The kobold is heavily wounded.
The magic dart hits the kobold.
You kill the kobold!
i - a scroll of identify You see here a +0 club. 3 gnolls come into view.
Found a robe and 3 gold pieces.
The gnoll shouts! x2; You hear a shout!
You hear an angry hiss.
A gnoll comes into view. It is wielding a +1 vorpal spear.
The gnoll shouts!
The magic dart hits the gnoll.
The gnoll is lightly wounded.
The magic dart hits the gnoll.
The gnoll is moderately wounded.
The magic dart hits the gnoll.
The gnoll is severely wounded.
The magic dart hits the gnoll.
The gnoll is almost dead.
The magic dart hits the gnoll.
You kill the gnoll!
The gnoll misses you.
Your Spellcasting skill increases to level 5!
The magic dart hits the gnoll.
The gnoll is moderately wounded.
The gnoll hits you from afar with a +1 vorpal spear.
The gnoll hits you with a +0 club!
* * * LOW HITPOINT WARNING * * *
You are too injured to fight recklessly!
You are too injured to fight recklessly!
You are too injured to fight recklessly!
The gnoll attacks as you move away! The gnoll hits you with a +0 whip.
You die...

#.##.#.# #......##.........#.#.
#......# ##...#.##.##.#.##..###
###.#.## #...##.#.#.##......#.
##.###.## #...###...###.##.##.#
#.## ##.## #...# ##.## #.......#
.## ##.####...####.####........
#.## ##................##........
...###...........................
#.#.#..........g@......##........
........#####..g######.##......#.
.##..#.## #..g# #.##.....###
.##..#.# #.[.# #.####..##
.....#.# #...# #.####..####
(###.#.# #... #........... .#
#.#.# $... ########.##. .. .....
.#... #.##. .....### #.##.


You could see 3 gnolls.

Vanquished Creatures
  A gnoll (D:2)
  An adder (D:2)
  A dart slug (D:2)
  4 bats
  3 endoplasms
  A giant cockroach (D:1)
  A goblin (D:2)
  3 hobgoblins (D:1)
  A quokka (D:2)
  2 ball pythons (D:1)
  3 frilled lizards
  5 kobolds
  4 rats
30 creatures vanquished.

Notes
Turn   | Place    | Note
-------+----------+-------------------------------------------
     0 | D:1      | GigaChad the Deep Elf Conjurer began the quest for the Orb.
     0 | D:1      | Reached XP level 1. HP: 10/10 MP: 6/6
    38 | D:1      | Found a large runed translucent door.
    38 | D:1      | Found a large runed translucent door.
    39 | D:1      | Noticed an iron imp
    40 | D:1      | Noticed a quasit
    43 | D:1      | Noticed an iron imp
    44 | D:1      | Found a corrupted altar of Lugonu.
    44 | D:1      | Found a one-way gate to the infinite horrors of the Abyss.
    44 | D:1      | Noticed a crimson imp
    45 | D:1      | Noticed a crimson imp
    46 | D:1      | Noticed a quasit
   282 | D:1      | Reached XP level 2. HP: 15/15 MP: 1/8
   748 | D:1      | Reached skill level 4 in Spellcasting
   776 | D:1      | Learned a level 2 spell: Searing Ray
  1382 | D:2      | Reached XP level 3. HP: 19/19 MP: 6/11
  1625 | D:2      | Reached skill level 5 in Spellcasting
  1626 | D:2      | Slain by a gnoll

Illustrated notes

Levels and vault maps discovered:
D:1:      erik_arrival_cave_to_civilisation [erik_arrival_cave_to_temple],
          layout_basic
D:2:      layout_loops_cross

Skill      XL: |  1  2  3 |
---------------+----------+-----
Spellcasting   | 4 5 |  5.2
Dodging        | |  2.4
Stealth        | |  2.4
Conjurations   | |  4.6

Action                   || total
-------------------------++-------
Melee: Short sword       ||     1
 Cast: Magic Dart        ||    51
       Searing Ray       ||     1
  Use: Scroll            ||     3
Dodge: Dodged            ||     4
Block: Other             ||     3
       Reflection        ||     1
